 Dungeon Sprint DCSS version 0.22-a0-515-g75794bf (webtiles) character file.

269183 raistware the Conqueror (level 17, -2/191 HPs)
             Began as a Green Draconian Fighter on June 19, 2018.
             Was the Champion of the Shining One.
             Killed from afar by an orb of fire (64 damage)
             ... with a fireball
             ... in the Dungeon (Sprint IX: "|||||||||||||||||||||||||||||").
             The game lasted 01:11:14 (10081 turns).

raistware the Conqueror (Green Draconian Fighter)  Turns: 10081, Time: 01:11:15

Health: -2/191     AC: 19    Str: 26    XL:     17   Next: 77%
Magic:  21/33      EV: 28    Int:  9    God:    the Shining One [******]
Gold:   247        SH: 26    Dex: 13    Spells: 16/16 levels left

rFire    . . .     SeeInvis .   K - +9 double sword (holy)
rCold    . . .     Gourm    .   a - +5 shield {reflect}
rNeg     + + +     Faith    .   (armour unavailable)
rPois    +         Spirit   .   A - +2 hat {MR+}
rElec    .         Reflect  +   S - +2 cloak
rCorr    +         Harm     .   w - +1 pair of gloves
MR       ++...     Rnd*Rage +   J - +2 pair of boots of the Assassin {Detection Stab+ Stlth++} Stlth ++........NoTele +
                                y - +2 amulet of reflection
HPRegen  0.41/turn              f - +3 ring of dexterity
MPRegen  0.23/turn              c - ring of resist corrosion

@: glowing
A: breathe noxious fumes, unfitting armour, stinger 1, berserk 1, poison
resistance, cold-blooded, AC +9
}: 5/15 runes: decaying, serpentine, barnacled, silver, gossamer
a: Breathe Noxious Fumes, Divine Shield, Cleansing Flame, Summon Divine Warrior,
Renounce Religion


You were in the Dungeon.
You worshipped the Shining One.
The Shining One was exalted by your worship.
You were not hungry.

You visited 1 branch You collected 1979 gold pieces.
You spent 1732 gold pieces at shops.

Inventory:

Hand Weapons
 b - a +2 scimitar of holy wrath
 z - a +2 demon whip
 D - a +3 eveningstar of protection
 K - a +9 double sword of holy wrath (weapon)
 R - the +5 great sword of Extermination {slice, rPois MP+9 Dex-4 Stlth+}
   (You found it in the Dungeon)

   It inflicts extra damage upon your enemies.
   It affects your dexterity (-4).
   It protects you from poison.
   It affects your magic capacity (+9).
   It makes you more stealthy.
Armour
 a - a +5 shield of reflection (worn)
 w - a +1 pair of gloves (worn)
 A - a +2 hat of magic resistance (worn)
 J - the +2 pair of boots of the Assassin (worn) {Detection Stab+ Stlth++}
   (You found it in the Dungeon)

   It makes you much more stealthy.
 S - a +2 cloak (worn)
Jewellery
 c - a ring of resist corrosion (right hand)
 f - a +3 ring of dexterity (left hand)
 p - a +3 ring of dexterity
 y - a +2 amulet of reflection (around neck)
 B - an uncursed ring of fire
 C - an uncursed ring of ice
 E - a +4 ring of protection
 F - a +4 ring of protection
 G - a +4 ring of evasion
 H - a +2 ring of slaying
 I - an uncursed ring of wizardry
 M - the ring "Oloerphas" {rPois Str+7}
   (You found it in the Dungeon)

   [ring of poison resistance]

   It affects your strength (+7).
   It protects you from poison.
 N - the ring "Quaxuop" {rElec rF+++ rC- MP+9 EV+3}
   (You found it in the Dungeon)

   [ring of evasion]

   It affects your evasion (+3).
   It renders you almost immune to fire.
   It makes you vulnerable to cold.
   It insulates you from electricity.
   It affects your magic capacity (+9).
 O - the ring of Vuulyac {Ice rPois Int+3 Dex+3}
   (You found it in the Dungeon)

   [ring of ice]

   It enhances your ice magic.
   It affects your intelligence (+3).
   It affects your dexterity (+3).
   It makes you vulnerable to fire.
   It protects you from cold.
   It protects you from poison.
 P - the amulet "Resun" {Harm *Drain rPois rN++ Str-3 Int-2}
   (You found it in the Dungeon)

   [amulet of harm]

   It increases damage dealt and taken.
   It affects your strength (-3).
   It affects your intelligence (-2).
   It protects you from poison.
   It greatly protects you from negative energy.
   It causes draining when unequipped.
 Q - the ring "Gucexeh" {rCorr *Contam rPois rF+}
   (You found it in the Dungeon)

   [ring of resist corrosion]

   It protects you from fire.
   It protects you from poison.
   It causes magical contamination when unequipped.
Wands
 n - a wand of acid (15)
Scrolls
 j - 5 scrolls of blinking
 l - 4 scrolls of remove curse
 m - 2 scrolls of amnesia
 r - 6 scrolls of enchant armour
 s - 2 scrolls of enchant weapon
 t - 6 scrolls of fog
 u - 6 scrolls of identify
Potions
 e - 11 potions of curing
 g - 3 potions of brilliance
 h - 3 potions of magic
 i - 7 potions of heal wounds
 k - 6 potions of agility
 o - a potion of might
 v - 2 potions of mutation
 T - 4 potions of haste
Miscellaneous
 q - a lightning rod (4/4)
Comestibles
 d - 16 rations


   Skills:
 O Level 27 Fighting
 - Level 16.0 Long Blades
 + Level 25.1 Dodging
 + Level 26.8 Shields
 - Level 12.0 Invocations
 + Level 24.7 Evocations


You had 16 spell levels left.
You didn't know any spells.
Your spell library contained the following spells:

 Spells                   Type           Power        Failure   Level  Hunger
 Bolt of Cold             Conj/Ice       #.........   100%        6    #######
 Freezing Cloud           Conj/Ice/Air   #.........   100%        6    #######
 Pain                     Necr           #...         38%         1    ##.....
 Ozocubu's Refrigeration  Ice            #.........   100%        6    #######
 Ice Form                 Ice/Tmut       #.......     99%         4    #####..
 Metabolic Englaciation   Hex/Ice        #.........   100%        5    ######.
 Simulacrum               Ice/Necr       #.........   100%        6    #######
 Malign Gateway           Summ/Tloc      #.........   100%        7    #######
 Spellforged Servitor     Conj/Summ      #.........   100%        7    #######
 Summon Mana Viper        Hex/Summ       #.......     100%        5    ######.


Dungeon Overview and Level Annotations

Branches:
Dungeon (1/1)

Altars:
Cheibriados
Dithmenos
Elyvilon
Fedhas
Gozag
Hepliaklqana
Kikubaaqudgha
Makhleb
Nemelex Xobeh
Okawaru
Qazlal
Ru
Sif Muna
Trog
Uskayaw
Vehumet
Wu Jian
Xom
Yredelemnul
Zin
The Shining One
Beogh
Jiyva
Lugonu

Shops:
D *==


Innate Abilities, Weirdness & Mutations

You can breathe blasts of noxious fumes.
Your lurid green scales are hard. (AC +9)
You cannot fit into any form of body armour.
Your tail ends in a poisonous barb.
Your system is resistant to poisons. (rPois)
You are cold-blooded and may be slowed by cold attacks.
You tend to lose your temper in combat.


Message History

The bolt of fire misses your angel. The bolt of fire hits your daeva.
The bolt of fire hits you!
Your angel barely misses the orb of fire.
Your angel closely misses the orb of fire.
The orb of fire glows yellow.
The bolt of fire hits your angel. The bolt of fire hits your daeva.
Your daeva dies!
The bolt of fire hits you!
Your angel hits the orb of fire with a sacred scourge of holy wrath.
Your angel closely misses the orb of fire.
There is an open door here.
Your angel hits the orb of fire but does no damage.
Your angel hits the orb of fire with a sacred scourge of holy wrath!
The orb of fire glows deep purple.
The bolt of fire misses the orb of fire.
The bolt of fire hits your angel.
Your angel dies!
The orb of fire glows deep purple.
The fireball explodes!
The fireball engulfs you!
You die...

.▓.▓.▓.▓.▓.▓.▓.▓*▓
{
†▓.▓[▓.▓.▓.▓.▓.▓*▓
{
.▓.▓)▓.▓[▓.▓)▓.▓*▓
{
'▓.▓[▓.▓[▓.▓)▓.▓*▓
{
.▓.▓(▓.▓[▓.▓)▓.▓.▓
{
.▓.▓(▓.▓[▓.▓)▓.▓'▓
{
.▓.▓)▓.▓[▓.▓.▓.▓.▓
{
.▓.▓(▓.▓[▓.▓.▓.▓'▓
{
.▓.▓(▓.▓[▓.▓.▓.▓@▓
{
.▓.▓.▓.▓.▓.▓.▓.▓'▓
{
)▓.▓.▓.▓.▓.▓.▓.▓.▓
{
)▓.▓.▓.▓.▓.▓.▓.▓.▓
.▓.▓)▓.▓)▓.▓)▓.▓.▓
{
.▓.▓)▓.▓)▓.▓.▓.▓.▓
{
.▓.▓)▓.▓)▓.▓)▓.▓.▓
{
.▓.▓.▓.▓)▓.▓.▓.▓.▓
{
)▓.▓.▓.▓.▓.▓.▓.▓.▓
{


You could see 3 orbs of fire.

Vanquished Creatures
  An orb of fire (D)
  An ancient lich (D)
  A curse toe (D)
  Margery (D)
  Frederick (D)
  Xtahua (D)
  2 golden dragons (D)
  An electric golem (D)
  A tentacled monstrosity (D)
  9 Orb Guardians (D)
  Gastronok (D)
  A sphinx (D)
  A death cob (D)
  A shadow dragon (D)
  Kirke (D)
  A draconian monk (D)
  Ilsuiw (D)
  A nagaraja (D)
  2 emperor scorpions (D)
  2 ghost moths (D)
  A draconian knight (D)
  A draconian scorcher (D)
  2 draconian annihilators (D)
  An ironheart preserver (D)
  3 stone giants (D)
  A black draconian (D)
  2 green draconians (D)
  A spark wasp (D)
  2 white draconians (D)
  A merfolk javelineer (D)
  A red draconian (D)
  2 purple draconians (D)
  6 ettins (D)
  2 merfolk impalers (D)
  Snorg (D)
  Erolcha (D)
  2 yaktaur captains (D)
  Josephine (D)
  11 vault guards (D)
  3 ice dragons (D)
  A rakshasa (D)
  2 ghost crabs (D)
  A merfolk avatar (D)
  A centaur warrior (D)
  A tengu warrior (D)
  A death knight (D)
  A merfolk aquamancer (D)
  3 deep troll earth magi (D)
  2 deep troll shamans (D)
  An orc high priest (D)
  3 ogre magi (D)
  3 hell knights (D)
  4 deep trolls (D)
  A glowing orange brain (D)
  A swamp dragon (D)
  An orc knight (D)
  2 ugly things (D)
  A wolf spider (D)
  A mana viper (D)
  8 moths of wrath (D)
  An elephant (D)
  A guardian serpent (D)
  2 naga magi (D)
  6 black mambas (D)
  3 spiny frogs (D)
  A vault sentinel (D)
  A freezing wraith (D)
  A yaktaur (D)
  A demonic crawler (D)
  A jumping spider (D)
  3 trolls (D)
  A slime creature (shapeshifter) (D)
  A vampire (D)
  3 wraiths (D)
  A spriggan (D)
  A hog (D)
  A yak (D)
  3 wargs (D)
  A naga (D)
  A hell hound (D)
  3 water moccasins (D)
  2 acid dragons (D)
  2 porcupines (D)
  3 swamp drakes (D)
  10 orc warriors (D)
  An ice beast (D)
  4 wolves (D)
  A centaur (D)
  4 crocodiles (D)
  5 bullfrogs (D)
  A scorpion (D)
  A wight (D)
  A howler monkey (D)
  2 orc priests (D)
  5 orc wizards (D)
  A worker ant (D)
  An adder (D)
  A gnoll (D)
  A shadow imp (D)
  An adder simulacrum (D)
  A leopard gecko (D)
  9 orcs (D)
  A bat skeleton (D)
  A bat zombie (D)
  A goblin (D)
  A hobgoblin (D)
  A giant cockroach zombie (D)
  A jackal zombie (D)
  A kobold (D)
  A quokka skeleton (D)
  A rat (D)
218 creatures vanquished.

Vanquished Creatures (collateral kills)
  Mara (D)
  An ancient lich (D)
  Saint Roka (D)
  Geryon (D)
  A golden dragon (D)
  Rupert (D)
  6 Orb Guardians (D)
  A death cob (D)
  A storm dragon (D)
  4 shadow dragons (D)
  A draconian monk (D)
  3 nagarajas (D)
  Donald (D)
  A fire giant (D)
  2 ghost moths (D)
  3 draconian knights (D)
  2 vault wardens (D)
  Aizul (D)
  5 emperor scorpions (D)
  A draconian annihilator (D)
  A very ugly thing (D)
  4 ironheart preservers (D)
  A draconian stormcaller (D)
  3 stone giants (D)
  3 black draconians (D)
  2 yellow draconians (D)
  An ettin (D)
  3 merfolk impalers (D)
  3 merfolk javelineers (D)
  A yaktaur captain (D)
  2 great orbs of eyes (D)
  14 vault guards (D)
  4 naga warriors (D)
  4 hydras (D)
  5 ice dragons (D)
  A tengu warrior (D)
  A centaur warrior (D)
  A merfolk aquamancer (D)
  3 ogre magi (D)
  An iron troll (D)
  4 sea snakes (D)
  A flayed ghost (D)
  2 hell knights (D)
  A deep elf archer (D)
  A skeletal warrior (D)
  3 swamp dragons (D)
  A deep troll (D)
  5 ironbrand convokers (D)
  3 orc knights (D)
  An ugly thing (D)
  3 wolf spiders (D)
  A moth of wrath (D)
  2 naga magi (D)
  A guardian serpent (D)
  A vault sentinel (D)
  2 demonic crawlers (D)
  A freezing wraith (D)
  3 yaktaurs (D)
  A guardian mummy (D)
  2 wind drakes (D)
  A jumping spider (D)
  A tyrant leech (D)
  A queen bee (shapeshifter) (D)
  A troll (D)
  3 hornets (D)
  2 snapping turtles (D)
  A bog body (D)
  2 redbacks (D)
  A tarantella (D)
  A spriggan (D)
  A warg (D)
  3 orc warriors (D)
  A swamp drake (D)
  An ogre (D)
  An orc (D)
156 creatures vanquished.

Vanquished Creatures (others)
  Nikola (D)
  A fire giant (D)
  3 hydras (D)
  A merfolk aquamancer (D)
  2 alligators (D)
  A moth of wrath (D)
  A tyrant leech (D)
  A human (D)
  A naga (D)
  A boggart (D)
  A bullfrog (D)
14 creatures vanquished.

Grand Total: 388 creatures vanquished

Notes
Turn   | Place    | Note
-------+----------+-------------------------------------------
     0 | D        | raistware the Draconian Fighter began the quest for the Orb.
     0 | D        | Reached XP level 1. HP: 19/19 MP: 1/1
    14 | D        | Reached XP level 2. HP: 13/26 MP: 2/2
    17 | D        | Reached skill level 5 in Long Blades
   179 | D        | Reached XP level 3. HP: 14/31 MP: 3/3
   196 | D        | Found a roughly hewn altar of Beogh.
   196 | D        | Found a snail-covered altar of Cheibriados.
   196 | D        | Found a shadowy altar of Dithmenos.
   196 | D        | Found a white marble altar of Elyvilon.
   196 | D        | Found a blossoming altar of Fedhas.
   196 | D        | Found an opulent altar of Gozag.
   197 | D        | Found a hazy altar of Hepliaklqana.
   198 | D        | Found a viscous altar of Jiyva.
   199 | D        | Found an ancient bone altar of Kikubaaqudgha.
   200 | D        | Found a corrupted altar of Lugonu.
   201 | D        | Found a burning altar of Makhleb.
   202 | D        | Found a sparkling altar of Nemelex Xobeh.
   203 | D        | Found an iron altar of Okawaru.
   204 | D        | Found a stormy altar of Qazlal.
   205 | D        | Found a sacrificial altar of Ru.
   206 | D        | Found a deep blue altar of Sif Muna.
   207 | D        | Found a bloodstained altar of Trog.
   208 | D        | Found a hide-covered altar of Uskayaw.
   209 | D        | Found a radiant altar of Vehumet.
   210 | D        | Found an ornate altar of the Wu Jian Council.
   211 | D        | Found a shimmering altar of Xom.
   212 | D        | Found a basalt altar of Yredelemnul.
   213 | D        | Found a glowing silver altar of Zin.
   214 | D        | Found a glowing golden altar of the Shining One.
   222 | D        | Became a worshipper of the Shining One
   357 | D        | Noticed a troll
   357 | D        | Noticed a bullfrog
   357 | D        | Noticed a centaur
   357 | D        | Reached * piety under the Shining One
   357 | D        | Reached ** piety under the Shining One
   362 | D        | Reached skill level 4 in Fighting
   362 | D        | Reached XP level 4. HP: 40/40 MP: 4/4
   366 | D        | Killed a centaur
   366 | D        | Reached skill level 5 in Fighting
   366 | D        | Reached XP level 5. HP: 48/48 MP: 5/5
   370 | D        | Reached skill level 5 in Shields
   378 | D        | HP: 1/50 [troll (13)]
   385 | D        | Killed a troll
   385 | D        | Reached skill level 6 in Fighting
   385 | D        | Reached skill level 10 in Long Blades
   385 | D        | Reached skill level 5 in Dodging
   385 | D        | Reached XP level 6. HP: 2/58 MP: 6/6
   679 | D        | Noticed a centaur warrior
   679 | D        | Reached *** piety under the Shining One
   679 | D        | Noticed an orc warrior
   690 | D        | Killed a centaur warrior
   690 | D        | Reached skill level 8 in Fighting
   690 | D        | Your scales start taking on a lurid green colour.
   690 | D        | Reached XP level 7. HP: 54/69 MP: 7/7
   690 | D        | Gained mutation: Your system is resistant to poisons. (rPois) [Green Draconian growth]
   690 | D        | Reached XP level 8. HP: 59/75 MP: 8/8
   700 | D        | Reached **** piety under the Shining One
   705 | D        | Reached skill level 9 in Fighting
   826 | D        | Noticed a spiny frog
   826 | D        | Noticed a spiny frog
   826 | D        | Noticed a spiny frog
   834 | D        | Killed a spiny frog
   834 | D        | Killed a spiny frog
   834 | D        | Reached skill level 10 in Fighting
   834 | D        | Reached XP level 9. HP: 78/85 MP: 9/9
   834 | D        | Killed a spiny frog
   834 | D        | Reached ***** piety under the Shining One
   870 | D        | Noticed an elephant
   870 | D        | Noticed a black mamba
   875 | D        | Killed a black mamba
   875 | D        | Reached skill level 11 in Fighting
   875 | D        | Reached skill level 10 in Shields
   914 | D        | Killed an elephant
   920 | D        | Reached skill level 10 in Dodging
   942 | D        | Reached ****** piety under the Shining One
   949 | D        | Reached skill level 12 in Fighting
   949 | D        | Reached XP level 10. HP: 97/97 MP: 10/10
  1208 | D        | Noticed an orc high priest
  1210 | D        | Noticed a rust devil
  1251 | D        | Noticed a rust devil
  1257 | D        | Killed an orc high priest
  1257 | D        | Reached skill level 13 in Fighting
  1257 | D        | Reached skill level 1 in Evocations
  1385 | D        | Found Ottaostra's Jewellery Boutique.
  1385 | D        | Noticed an ogre mage
  1385 | D        | Noticed a deep troll
  1385 | D        | Noticed a deep troll
  1385 | D        | Noticed a deep troll
  1390 | D        | Noticed an ogre mage
  1394 | D        | Noticed a deep troll
  1394 | D        | Killed a deep troll
  1401 | D        | Killed a deep troll
  1406 | D        | Noticed an ettin
  1425 | D        | Killed an ogre mage
  1432 | D        | Killed a deep troll
  1509 | D        | Killed an ettin
  1509 | D        | Reached skill level 5 in Invocations
  1509 | D        | Reached XP level 11. HP: 77/108 MP: 13/15
  1509 | D        | Killed an ogre mage
  1519 | D        | Killed a deep troll
  1519 | D        | Reached skill level 14 in Fighting
  1555 | D        | Found Noipnan's Jewellery Shop.
  1559 | D        | Found Caal's Food Boutique.
  1562 | D        | Found Hablezani's Assorted Antiques.
  1571 | D        | Bought an uncursed ring of resist corrosion for 220 gold pieces
  1571 | D        | Bought a +2 amulet of reflection for 82 gold pieces
  1581 | D        | Noticed a deep troll
  1582 | D        | Noticed an iron troll
  1583 | D        | Noticed an ogre mage
  1590 | D        | Killed a deep troll
  1613 | D        | Killed an iron troll
  1619 | D        | Killed an ogre mage
  1631 | D        | Bought a ration for 70 gold pieces
  1631 | D        | Bought a ration for 70 gold pieces
  1631 | D        | Bought a ration for 70 gold pieces
  1631 | D        | Bought a ration for 70 gold pieces
  1631 | D        | Bought a ration for 70 gold pieces
  1631 | D        | Bought a ration for 70 gold pieces
  1631 | D        | Bought a ration for 70 gold pieces
  1631 | D        | Bought a ration for 70 gold pieces
  1631 | D        | Bought a ration for 70 gold pieces
  1634 | D        | Bought a scroll of blinking for 240 gold pieces
  1634 | D        | Bought a wand of acid (8) for 256 gold pieces
  1634 | D        | Bought a scroll of identify for 64 gold pieces
  1634 | D        | Bought a scroll of blinking for 240 gold pieces
  1870 | D        | Noticed Erolcha
  1884 | D        | Killed Erolcha
  1928 | D        | Noticed Josephine
  1937 | D        | Killed Josephine
  1961 | D        | Reached skill level 15 in Fighting
  1973 | D        | Noticed Gastronok
  1997 | D        | Killed Gastronok
  2107 | D        | Noticed a death knight
  2124 | D        | Noticed a purple ugly thing
  2125 | D        | Noticed an ogre mage
  2128 | D        | Noticed a deep troll shaman
  2130 | D        | Noticed an ice dragon
  2131 | D        | Noticed an ettin
  2140 | D        | Killed a death knight
  2140 | D        | Reached skill level 5 in Evocations
  2142 | D        | Killed an ogre mage
  2144 | D        | Killed a purple ugly thing
  2145 | D        | Noticed a rakshasa
  2145 | D        | Noticed a swamp dragon
  2145 | D        | a guardian serpent changed into a swamp dragon
  2148 | D        | a swamp dragon changed into a guardian serpent
  2151 | D        | Killed a deep troll shaman
  2151 | D        | Reached skill level 10 in Invocations
  2151 | D        | Reached XP level 12. HP: 106/121 MP: 11/19
  2155 | D        | Killed an ice dragon
  2180 | D        | Killed an ettin
  2181 | D        | Killed a rakshasa
  2341 | D        | Reached skill level 16 in Fighting
  2672 | D        | Noticed a spark wasp
  2692 | D        | Reached skill level 15 in Shields
  2717 | D        | Killed a spark wasp
  3106 | D        | Noticed a naga warrior
  3153 | D        | Killed a naga warrior
  3514 | D        | Noticed a four-headed hydra
  3514 | D        | Noticed a five-headed hydra
  3514 | D        | Noticed an alligator
  3514 | D        | Noticed a ghost crab
  3514 | D        | Noticed a ghost crab
  3520 | D        | Killed an alligator
  3521 | D        | Killed a five-headed hydra
  3521 | D        | Killed an alligator
  3523 | D        | Killed a four-headed hydra
  3525 | D        | Killed an eight-headed hydra
  3527 | D        | Killed a ghost crab
  3535 | D        | Killed a ghost crab
  3535 | D        | Reached skill level 17 in Fighting
  3801 | D        | Noticed a merfolk impaler
  3812 | D        | Killed a merfolk impaler
  3873 | D        | Noticed Kirke
  3892 | D        | Killed Kirke
  3892 | D        | Reached skill level 15 in Dodging
  3892 | D        | Reached skill level 10 in Evocations
  3892 | D        | Reached XP level 13. HP: 120/133 MP: 19/21
  3913 | D        | Noticed Saint Roka
  3927 | D        | Killed Saint Roka
  3957 | D        | Noticed Snorg
  3970 | D        | Killed Snorg
  3975 | D        | Noticed Aizul
  3986 | D        | Killed Aizul
  4033 | D        | Noticed an ettin
  4033 | D        | Noticed a stone giant
  4049 | D        | Killed a stone giant
  4063 | D        | Reached skill level 18 in Fighting
  4064 | D        | Killed an ettin
  4077 | D        | Noticed a cyan very ugly thing
  4086 | D        | Killed a cyan very ugly thing
  4107 | D        | Noticed an ettin
  4107 | D        | Noticed a stone giant
  4127 | D        | Killed a stone giant
  4129 | D        | Killed an ettin
  4132 | D        | Noticed a stone giant
  4160 | D        | Killed a stone giant
  4172 | D        | Noticed a stone giant
  4206 | D        | Killed a stone giant
  4511 | D        | Noticed an ettin
  4523 | D        | Killed an ettin
  4692 | D        | Noticed an ironheart preserver
  4699 | D        | Killed an ironheart preserver
  4731 | D        | Noticed an Orb Guardian
  4731 | D        | Noticed Geryon
  4731 | D        | Noticed a fire giant
  4741 | D        | Killed a fire giant
  4741 | D        | Reached skill level 19 in Fighting
  4766 | D        | Killed Geryon
  4777 | D        | Killed an Orb Guardian
  4797 | D        | Noticed a vault warden
  4804 | D        | Killed a vault warden
  4805 | D        | Noticed a merfolk javelineer
  4809 | D        | Gained mutation: Your tail ends in a poisonous barb. [Green Draconian growth]
  4809 | D        | Reached XP level 14. HP: 123/146 MP: 10/24
  4812 | D        | Noticed a storm dragon
  4833 | D        | Killed a storm dragon
  4833 | D        | Noticed a vault warden
  4838 | D        | Killed a vault warden
  4842 | D        | Noticed an ironheart preserver
  4851 | D        | Noticed an ironheart preserver
  4856 | D        | Killed an ironheart preserver
  4859 | D        | Killed an ironheart preserver
  4898 | D        | Noticed an ironheart preserver
  4911 | D        | Killed an ironheart preserver
  5025 | D        | Found the +2 pair of boots of the Assassin {Detection Stab+ Stlth++}
  5175 | D        | Noticed Ilsuiw
  5222 | D        | Reached skill level 20 in Fighting
  5233 | D        | Killed Ilsuiw
  5319 | D        | Got a barnacled rune of Zot
  5471 | D        | Noticed a nagaraja
  5471 | D        | Noticed a nagaraja
  5481 | D        | Killed a nagaraja
  5525 | D        | Reached skill level 15 in Long Blades
  5534 | D        | Killed a nagaraja
  5549 | D        | Noticed a nagaraja
  5556 | D        | Killed a nagaraja
  5580 | D        | Noticed a nagaraja
  5597 | D        | Reached skill level 15 in Evocations
  5597 | D        | Killed a nagaraja
  5639 | D        | Got a serpentine rune of Zot
  5860 | D        | Noticed an emperor scorpion
  5860 | D        | Noticed a ghost moth
  5860 | D        | Noticed an emperor scorpion
  5860 | D        | Noticed an emperor scorpion
  5870 | D        | Killed an emperor scorpion
  5996 | D        | Killed an emperor scorpion
  6016 | D        | Killed a ghost moth
  6047 | D        | Killed an emperor scorpion
  6061 | D        | Noticed an emperor scorpion
  6075 | D        | Killed an emperor scorpion
  6090 | D        | Noticed an emperor scorpion
  6109 | D        | Killed an emperor scorpion
  6109 | D        | Reached skill level 21 in Fighting
  6112 | D        | Noticed an emperor scorpion
  6124 | D        | Killed an emperor scorpion
  6131 | D        | Noticed an emperor scorpion
  6157 | D        | Killed an emperor scorpion
  6231 | D        | Got a gossamer rune of Zot
  6326 | D        | Got a decaying rune of Zot
  6350 | D        | Noticed Rupert
  6364 | D        | Killed Rupert
  6364 | D        | Reached XP level 15. HP: 158/158 MP: 20/27
  6379 | D        | Noticed Nikola
  6390 | D        | Noticed Donald
  6391 | D        | Killed Nikola
  6392 | D        | Noticed Xtahua
  6450 | D        | Killed Xtahua
  6457 | D        | Killed Donald
  6665 | D        | Reached skill level 22 in Fighting
  6807 | D        | Noticed a shadow dragon
  6819 | D        | Noticed a shadow dragon
  6833 | D        | Killed a shadow dragon
  6836 | D        | Noticed a sphinx
  6839 | D        | Killed a shadow dragon
  6855 | D        | Killed a sphinx
  6855 | D        | Reached skill level 23 in Fighting
  6894 | D        | Noticed a shadow dragon
  6894 | D        | Noticed an ancient lich
  6894 | D        | Noticed a shadow dragon
  6898 | D        | Noticed a shadow dragon
  6901 | D        | Killed a shadow dragon
  6918 | D        | Killed an ancient lich
  6935 | D        | Killed a shadow dragon
  6950 | D        | Killed a shadow dragon
  6958 | D        | Noticed an Orb Guardian
  6974 | D        | Killed an Orb Guardian
  7061 | D        | Identified the Tome of Supportive Dark Secrets
  7064 | D        | Got a silver rune of Zot
  7219 | D        | Noticed Mara
  7229 | D        | Noticed raistware's illusion
  7240 | D        | Killed Mara
  7255 | D        | Noticed Margery
  7261 | D        | Reached XP level 16. HP: 173/173 MP: 12/29
  7280 | D        | Killed Margery
  7280 | D        | Reached skill level 24 in Fighting
  7321 | D        | Noticed Frederick
  7523 | D        | Killed Frederick
  7558 | D        | Got the ring "Oloerphas" {rPois Str+7}
  7560 | D        | Got the ring "Quaxuop" {rElec rF+++ rC- MP+9 EV+3}
  7562 | D        | Got the ring of Vuulyac {Ice rPois Int+3 Dex+3}
  7564 | D        | Got the amulet "Resun" {Harm *Drain rPois rN++ Str-3 Int-2}
  7566 | D        | Got the ring "Gucexeh" {rCorr *Contam rPois rF+}
  7574 | D        | Got the +5 great sword of Extermination {slice, rPois MP+9 Dex-4 Stlth+}
  7791 | D        | Noticed a golden dragon
  7797 | D        | Noticed a golden dragon
  7824 | D        | Killed a golden dragon
  7836 | D        | Killed a golden dragon
  7836 | D        | Reached skill level 25 in Fighting
  8775 | D        | Noticed a death cob
  8775 | D        | Noticed a death cob
  8777 | D        | Noticed a golden dragon
  8791 | D        | Killed a death cob
  8799 | D        | Killed a death cob
  8809 | D        | Killed a golden dragon
  8809 | D        | Reached skill level 26 in Fighting
  8855 | D        | Noticed a curse toe
  8892 | D        | Killed a curse toe
  8892 | D        | Reached XP level 17. HP: 76/190 MP: 7/32
  9093 | D        | Identified a +9 double sword of holy wrath (a +9 double sword blessed by the Shining One)
  9093 | D        | Received a gift from the Shining One
  9171 | D        | Noticed an Orb Guardian
  9171 | D        | Noticed an Orb Guardian
  9171 | D        | Noticed an Orb Guardian
  9171 | D        | Noticed an Orb Guardian
  9171 | D        | Noticed an Orb Guardian
  9179 | D        | Killed an Orb Guardian
  9180 | D        | Noticed an Orb Guardian
  9182 | D        | Killed an Orb Guardian
  9182 | D        | Noticed an Orb Guardian
  9188 | D        | Killed an Orb Guardian
  9191 | D        | Killed an Orb Guardian
  9198 | D        | Killed an Orb Guardian
  9205 | D        | Killed an Orb Guardian
  9205 | D        | Reached skill level 27 in Fighting
  9208 | D        | Killed an Orb Guardian
  9212 | D        | Noticed an Orb Guardian
  9213 | D        | Noticed an Orb Guardian
  9225 | D        | Killed an Orb Guardian
  9235 | D        | Killed an Orb Guardian
  9245 | D        | Noticed a tentacled monstrosity
  9245 | D        | Noticed an Orb Guardian
  9245 | D        | Noticed an Orb Guardian
  9275 | D        | Noticed an Orb Guardian
  9277 | D        | Killed a tentacled monstrosity
  9277 | D        | Noticed an Orb Guardian
  9307 | D        | Killed an Orb Guardian
  9319 | D        | Killed an Orb Guardian
  9335 | D        | Killed an Orb Guardian
  9337 | D        | Killed an Orb Guardian
  9642 | D        | Noticed an ancient lich
  9645 | D        | Killed an ancient lich
  9647 | D        | Noticed an orb of fire
  9661 | D        | Gained mutation: You tend to lose your temper in combat. [an orb of fire]
  9669 | D        | Killed an orb of fire
 10064 | D        | Noticed an electric golem
 10073 | D        | Killed an electric golem
 10077 | D        | Noticed an orb of fire
 10077 | D        | Noticed an orb of fire
 10077 | D        | Noticed an orb of fire
 10077 | D        | Noticed an orb of fire
 10081 | D        | Killed from afar by an orb of fire

Vault maps used:
D:        linesprint

Skill      XL: |  1  2  3  4  5  6  7  8  9 10 11 12 13 14 15 16 17 |
---------------+----------------------------------------------------+-----
Long Blades    | 4 6 8 9 10 12 13 14 16 | 16.0
Fighting       | 4 5 6 8 10 12 13 15 17 19 21 23 26 27 | 27.0
Dodging        | 3 4 5 7 8 10 11 13 15 16 18 20 23 25 | 25.1
Shields        | 4 6 7 9 11 12 14 16 18 19 22 24 26 | 26.8
Invocations    | 5 10 12 | 12.0
Evocations     | 4 5 10 13 16 19 22 24 | 24.7

Action                   |  1- 3 |  4- 6 |  7- 9 | 10-12 | 13-15 | 16-18 || total
-------------------------+-------+-------+-------+-------+-------+-------++-------
Melee: Long sword        |    33 |    22 |    58 |   327 |    76 |       ||   516
       Tailslap          |     6 |     8 |    11 |    80 |    45 |    56 ||   206
       Double sword      |       |       |       |       |   178 |   279 ||   457
Invok: Summon Divine War |       |       |       |     8 |    40 |    27 ||    75
       Divine Shield     |       |       |       |     1 |       |     1 ||     2
       Brand Weapon With |       |       |       |       |       |     1 ||     1
 Abil: Breathe Noxious F |       |       |     6 |    14 |    10 |     9 ||    39
Evoke: Wand              |       |     1 |       |     1 |     1 |       ||     3
       Lightning rod     |       |       |     3 |     6 |    13 |    12 ||    34
  Use: Potion            |     3 |     3 |       |     2 |    10 |     2 ||    20
       Scroll            |       |     1 |       |     1 |     7 |     5 ||    14
 Stab: Sleeping          |     1 |       |       |       |       |       ||     1
  Eat: Chunk             |       |       |     1 |     9 |    16 |    13 ||    39
       Ration            |       |       |       |     2 |     1 |     2 ||     5
Armor: Skin              |     8 |     2 |     2 |    33 |    17 |    25 ||    87
Dodge: Dodged            |    23 |    17 |    19 |   126 |   115 |   103 ||   403
Block: Shield            |    16 |    17 |    16 |   158 |   178 |   211 ||   596
       Reflection        |       |       |       |     3 |    13 |     5 ||    21
       Rpst.: Long sword |     9 |     4 |     6 |    19 |     5 |       ||    43
       Double sword      |       |       |       |       |    12 |    15 ||    27

Table legend:
 A = Spawn XP
 B = Non-spawn XP
 C = Spawn XP percentage of total XP
 D = Spawn monster count
 E = Non-spawn monster count
 F = Spawn count percentage of total count
 G = Total turns spent on level
                    A         B        C        D         E        F      G
               +---------+---------+-------+---------+---------+-------+---------
         Total |       0 |  272958 |   0.0 |       0 |     381 |   0.0 | 10081
               +---------+---------+-------+---------+---------+-------+---------
             D |       0 |  272958 |   0.0 |       0 |     381 |   0.0 | 10081
               +---------+---------+-------+---------+---------+-------+---------
